 Dungeon Crawl Stone Soup version 0.20.1-1-g8b1a95d (webtiles) character file.

107 Gremour the Skirmisher (level 4, 0/41 HPs)
             Began as a Hill Orc Monk on Oct 3, 2017.
             Killed from afar by Sigmund (6 damage)
             ... with a magic dart
             ... on level 2 of the Dungeon.
             The game lasted 00:09:41 (2392 turns).

Gremour the Skirmisher (Hill Orc Monk)              Turns: 2392, Time: 00:09:42

Health: 0/41       AC:  4    Str: 13    XL:     4   Next: 86%
Magic:  4/4        EV: 13    Int: 14    God:
Gold:   66         SH:  0    Dex: 14    Spells: 3/3 levels left

rFire    . . .     SeeInvis .   d - -1 short sword (curse)
rCold    . . .     Gourm    .   (no shield)
rNeg     . . .     Faith    .   i - +0 leather armour (curse)
rPois    .         Spirit   .   g - +0 helmet
rElec    .         Reflect  .   (no cloak)
rCorr    .         Harm     .   (no gloves)
MR       .....                  (no boots)
Stlth    ++........             (no amulet)
Regen    0.2/turn               e - +4 ring of intelligence
MPRegen  0.1/turn               (no ring)

@: no status effects
A: no striking features
a: no special abilities


You were on level 2 of the Dungeon.
You were not hungry.

You visited 1 branch of the dungeon, and saw 2 of its levels.

You collected 66 gold pieces.

Inventory:

Hand Weapons
 a - a +0 falchion
 d - a cursed -1 short sword (weapon)
Armour
 b - a +0 robe
 g - a +0 helmet (worn)
 i - a cursed +0 leather armour (worn)
 j - a +0 scale mail
Jewellery
 e - a +4 ring of intelligence (left hand)
Comestibles
 c - 2 bread rations
 f - a meat ration
 h - a fruit


   Skills:
 * Level 4.4 Fighting
 * Level 4.1 Long Blades
 * Level 2.1 Armour
 + Level 2.9 Dodging
 + Level 1.7 Stealth


You had 3 spell levels left.
You didn't know any spells.

Dungeon Overview and Level Annotations

Branches:
Dungeon (2/15)

Altars:

Annotations:
D:2 Robin, Sigmund


Message History

You miss something. Something hits you.
You hit something. You closely miss something.
You hear some strange, mumbled words.
A magic dart appears from out of thin air!
The magic dart hits you!
You barely miss something. Something barely misses you.
You aren't carrying any potions.
You hit something but do no damage. Something hits you.
You miss something. You barely miss something. Something hits you.
You barely miss something. Something hits you!
* * * LOW HITPOINT WARNING * * *
You hit something. You completely miss something.
Something hits you but does no damage.
You barely miss something.
You hear some strange, mumbled words.
A magic dart appears from out of thin air!
The magic dart hits you!
You die...

# #.###.# #.##...#. #.#....#.
....... ########### #..#..
..#......# ##.@
#..#.#####.#.####.# . ...#
#..........#.# #.#
....##..#.#.##(#{(.....# #.#
........#....((#@####### #.#
....#..###@##.#.# #.#
...#.......#.#.# #.#
#.#.....###.#.##########.##
.#.#.....#@###.#.............#
.#.#@..#.#.#.#.#.#.#.#.#######
...#..............<.....#
#..###.#.#.#.#.#.#)#.#.##
#.......................#


There were no monsters in sight!

Vanquished Creatures
  Terence (D:1)
  Natasha (D:2)
  An adder (D:1)
  A leopard gecko (D:1)
  A ball python (D:2)
  A giant cockroach (D:2)
  8 goblins
  8 hobgoblins
  5 jackals (D:1)
  7 bats
  4 frilled lizards
  6 kobolds
  3 rats (D:1)
47 creatures vanquished.

Notes
Turn   | Place    | Note
-------+----------+-------------------------------------------
     0 | D:1      | Gremour the Hill Orc Monk began the quest for the Orb.
     0 | D:1      | Reached XP level 1. HP: 19/19 MP: 1/1
    30 | D:1      | Reached XP level 2. HP: 8/27 MP: 2/2
   833 | D:1      | Reached XP level 3. HP: 27/33 MP: 3/3
   907 | D:2      | Noticed Terence
   954 | D:1      | Reached skill level 1 in Armour
  1261 | D:2      | Noticed Natasha
  1271 | D:2      | Killed Natasha
  1271 | D:2      | Reached XP level 4. HP: 8/40 MP: 4/4
  1678 | D:2      | Noticed Robin
  1965 | D:2      | Noticed Sigmund
  2071 | D:1      | Killed Terence
  2392 | D:2      | Killed from afar by Sigmund

Skill      XL: |  1  2  3  4 |
---------------+-------------+-----
Fighting       | 4 |  4.4
Armour         | 1 2 |  2.1
Long Blades    | 4 |  4.1
Dodging        | |  2.9
Stealth        | |  1.7

Action                   |  1- 3 |  4- 6 || total
-------------------------+-------+-------++-------
Melee: Falchion          |    93 |     2 ||    95
       Short sword       |       |   118 ||   118
  Use: Potion            |     1 |       ||     1
       Scroll            |       |     3 ||     3
 Stab: Sleeping          |     2 |     3 ||     5
  Eat: Chunk             |     1 |     4 ||     5
Armor: Robe              |     8 |       ||     8
       Leather armour    |    14 |    17 ||    31
Dodge: Dodged            |    72 |    67 ||   139
       Rpst.: Falchion   |    25 |       ||    25
